 Dungeon Crawl Stone Soup version 0.29.0-7-g18a832c13a (webtiles) character file.

Game seed: 8192412906512269723

7309 SnakkuSnakku7 the Carver (level 11, -2/82 HPs)
             Began as a Djinni Chaos Knight on Aug 31, 2022.
             Was a Plaything of Xom.
             Slain by a gnoll
             ... wielding a +0 halberd
             ... led by a gnoll sergeant
              (7 damage)
             ... on level 9 of the Dungeon.
             The game lasted 00:15:11 (9781 turns).

SnakkuSnakku7 the Carver (Djinni Chaos Knight)      Turns: 9781, Time: 00:15:11

Health: -2/82      AC: 15    Str: 15    XL:     11   Next: 34%
Gold:   544        EV:  6    Int: 16    God:    Xom [...*..] SH:  9 Dex: 17

rFire   + + +      SeeInvis .   a - +1 scimitar (venom)
rCold   . . .      Faith    .   z - +0 buckler
rNeg    + . .      Spirit   .   I - +3 chain mail {rN+}
rPois   ∞          Reflect  +   (helmet restricted)
rElec   .          Harm     .   (no cloak)
rCorr   .          Rampage  .   (no gloves)
Will    +....      Clarity  +   (boots unavailable)
Stlth   ..........              w - amulet of reflection
HPRegen 0.23/turn               t - ring "Niegh" {rPois rC+}
MPRegen 0.00/turn               j - +4 ring of protection

@: flying
A: sickness immunity, fire resistance 3, cold vulnerability 1, float, innate
caster, HP casting, extra vitality 1, antennae 1, agile 1, clarity, clever 1,
robust 1, strong 1, MP-powered wands, noise suppression
a: Renounce Religion


You were on level 9 of the Dungeon.
You worshipped Xom.
You were a favourite toy of Xom.
You visited 1 branch of the dungeon, and saw 9 of its levels.

You collected 544 gold pieces.

Inventory:

Hand Weapons
 a - a +1 scimitar of venom (weapon)
 k - a +0 flail
 m - a +0 scythe
 o - a +1 falchion of chaos
Missiles
 s - 2 silver boomerangs
 B - 8 poisoned darts (quivered)
Armour
 b - a +2 leather armour
 f - a +0 tower shield
 l - a +2 robe of willpower
 z - a +0 buckler (worn)
 I - a +3 chain mail of positive energy (worn)
Jewellery
 h - a ring of resist corrosion
 j - a +4 ring of protection (right hand)
 t - the ring "Niegh" (left hand) {rPois rC+}
   (You found it on level 3 of the Dungeon)

   [ring of protection from cold]

   rC:        It protects you from cold.
   rPois:     It protects you from poison.
 w - an amulet of reflection (around neck)
 D - a ring of willpower
Wands
 g - a wand of acid (10)
 v - a wand of mindburst (31)
 x - a wand of polymorph (9)
 K - a wand of flame (7)
 L - a wand of iceblast (18)
Scrolls
 d - 3 scrolls of immolation {unknown}
 i - 3 scrolls of enchant armour {unknown}
 n - 2 scrolls of butterflies {unknown}
 y - a scroll of fear {unknown}
 C - a scroll of magic mapping {unknown}
 E - 2 scrolls of teleportation {unknown}
 F - 3 scrolls of vulnerability {unknown}
 H - 2 scrolls of poison
Potions
 e - 4 potions of curing
 p - 4 potions of attraction {unknown}
 q - 2 potions of might {unknown}
 r - a potion of heal wounds
 u - a potion of lignification
 A - 2 potions of mutation
 G - a potion of ambrosia
 J - 2 potions of haste {unknown}
 M - a potion of resistance
 N - a potion of invisibility {unknown}
Miscellaneous
 c - a piece from Xom's chessboard (15/15)


   Skills:
 + Level 5.1 Fighting
 - Level 14.0 Long Blades
 - Level 5.0 Throwing
 - Level 1.0 Armour
 - Level 2.1 Dodging


You couldn't memorise any spells.
You knew the following spells:

 Your Spells              Type           Power      Damage    Failure   Level
a - Slow                  Hex            0%         N/A       100%        1
b - Wereblood             Tmut           0%         N/A       100%        2
c - Static Discharge      Conj/Air       0%         3-3/arc   100%        2
d - Spider Form           Tmut/Pois      0%         N/A       100%        3
e - Alistair's Intoxicat  Tmut/Pois      0%         N/A       100%        5
Your spell library was empty.


Dungeon Overview and Level Annotations

Branches:
Dungeon (9/15)             Temple (0/1) D:4            Lair (0/5) D:8
    Orc: D:9-12

Altars:
Makhleb
Qazlal
Xom
Yredelemnul

Annotations:
D:3 Grinder


Innate Abilities, Weirdness & Mutations

You are immune to sickness and miasma.
You are immune to poison.
Your flesh is almost immune to the effects of heat. (rF+++)
You are vulnerable to cold. (rC-)
You float through the air rather than walking.
You learn spells naturally, not from books.
Your magical power is your life essence.
You have superior vitality. (+4 MHP)
You have a pair of small antennae on your head.
You are agile. (Dex +4, Str/Int -1)
You possess an exceptional clarity of mind.
Your mind is acute. (Int +4, Str/Dex -1)
You are robust. (+10% HP)
Your muscles are strong. (Str +4, Int/Dex -1)
You expend health (3 HP) to strengthen your wands.
You passively dampen the noise of your surroundings.


Message History

You closely miss the killer bee. You block the killer bee's attack.
The killer bee stings you but does no damage.
The gnoll barely misses you.
You hit the killer bee.
The killer bee is poisoned.
The killer bee is moderately wounded.
The killer bee closely misses you.
The killer bee stings you but does no damage.
The killer bee barely misses you. You block the killer bee's attack.
The gnoll barely misses you.
You miss the killer bee.
The killer bee is severely wounded.
You block the killer bee's attack.
The killer bee stings you but does no damage. x2
The killer bee barely misses you.
You miss the killer bee.
The killer bee is severely wounded.
The gnoll hits you from afar with a +0 halberd.
* * * LOW HITPOINT WARNING * * *
You block the killer bee's attack. The killer bee barely misses you.
Unknown command.
You barely miss the killer bee.
The killer bee is severely wounded.
The killer bee stings you but does no damage.
You block the killer bee's attack.
The gnoll hits you from afar with a +0 halberd!
* * * LOW HITPOINT WARNING * * *
Unknown command.
Unknown command.
You barely miss the killer bee.
The killer bee is severely wounded.
You kill the killer bee!
The killer bee barely misses you. The killer bee stings you.
* * * LOW HITPOINT WARNING * * *
The killer bee stings you but does no damage.
Unknown command.
You slice the killer bee!!
You kill the killer bee!
The gnoll barely misses you. The killer bee barely misses you.
The gnoll hits you from afar with a +0 halberd!
You die...

...................####
~≈~≈~~~~†.)...........#
~≈≈≈≈~~~~~♣.....#...###
~≈≈≈P≈~~~~~...##....##
~~~≈≈≈~~~~##......#..#
~~P~≈~~~♣###.....##..#
♣♣≈~~~P♣# ##gg#####.##
♣~PP~♣ ##†## #..# ♣♣♣~♣
#y@# ##.# ♣~ ##..#####
#.## ........####.#
...............#
.............####.#
..............# ##
..##..........####
...............#.#
.............##


You could see a killer bee (very poisoned) and 2 gnolls.

Vanquished Creatures
  A great orb of eyes (D:9)
  A two-headed ogre (D:8)
  A troll (D:9)
  A hornet (D:8)
  A queen bee (D:8)
  5 yaks
  A golden eye (D:8)
  A steam dragon (D:9)
  An orc warrior (D:8)
  A sky beast (D:8)
  3 black bears
  2 ice beasts
  An ogre (D:7)
  A tengu (D:8)
  A phantom (D:6)
  3 bullfrogs
  A gnoll sergeant (D:9)
  2 scorpions (D:8)
  A necrophage (D:4)
  9 wights
  26 killer bees
  2 electric eels (D:9)
  2 vampire bats (D:6)
  3 howler monkeys
  6 hounds
  A gnoll bouda (D:4)
  2 jellies
  2 orc priests
  An iguana (D:7)
  5 orc wizards
  13 gnolls
  15 adders
  A shadow imp (D:5)
  A white imp (D:6)
  2 worms
  3 dart slugs
  16 orcs
  3 endoplasms
  A giant cockroach (D:4)
  9 goblins
  5 hobgoblins
  6 jackals
  7 quokkas
  5 ball pythons
  20 bats
  A frilled lizard (D:1)
  6 kobolds
  7 rats
209 creatures vanquished.

Vanquished Creatures (collateral kills)
  Sigmund (D:1)
  An ogre (D:6)
  A killer bee (D:7)
  Terence (D:2)
4 creatures vanquished.

Vanquished Creatures (others)
  The ghost of bchevrier the Conjurer, a novice GnWn of Vehumet (D:6)
  An orc priest (D:3)
  A gnoll (D:9)
  An orc (D:4)
  47 fungi (D:8)
  97 plants
148 creatures vanquished.

Grand Total: 361 creatures vanquished

Notes
Turn   | Place    | Note
-------+----------+-------------------------------------------
     0 | D:1      | SnakkuSnakku7 the Djinni Chaos Knight began the quest for
                  | the Orb.
     0 | D:1      | Reached XP level 1. HP: 20/20 MP: 0/0
    56 | D:1      | Reached skill level 3 in Long Blades
   113 | D:1      | Reached XP level 2. HP: 23/25 MP: 0/0
   512 | D:1      | Reached XP level 3. HP: 28/30 MP: 0/0
   512 | D:1      | Learned a level 1 spell: Slow
   747 | D:1      | Found a faded altar of an unknown god.
   750 | D:1      | Reached skill level 4 in Long Blades
   757 | D:1      | XOM is BORED!
   896 | D:1      | XOM: god gift: chain mail {god gift}
  1066 | D:2      | Noticed Sigmund
  1072 | D:1      | XOM: cast spell 'Disjunction'
  1074 | D:1      | XOM: divination: detect creatures
  1230 | D:1      | XOM: potion effect (invisibility)
  1246 | D:1      | XOM: summons 3 friendly demons
  1265 | D:1      | Killed Sigmund
  1266 | D:1      | Reached skill level 5 in Long Blades
  1266 | D:1      | Reached XP level 4. HP: 12/35 MP: 0/0
  1266 | D:1      | Reached XP level 5. HP: 14/40 MP: 0/0
  1266 | D:1      | Learned a level 2 spell: Wereblood
  1266 | D:1      | Reached XP level 6. HP: 16/46 MP: 0/0
  1459 | D:1      | XOM: divination: magic mapping
  1547 | D:2      | Found a burning altar of Makhleb.
  1558 | D:2      | Noticed Terence
  1821 | D:2      | XOM: summons 6 friendly demons
  1827 | D:2      | Killed Terence
  1828 | D:2      | Reached skill level 6 in Long Blades
  1911 | D:2      | XOM: summons 3 hostile shadow creatures
  2552 | D:2      | XOM: god gift: 39 gold pieces
  2639 | D:3      | Identified the ring "Niegh" {rPois rC+}
  2770 | D:3      | XOM: swap monsters
  2772 | D:3      | XOM: give mutations
  2772 | D:3      | Gained mutation: You are robust. (+10% HP) [Xom's grace]
  2772 | D:3      | Gained mutation: You are agile. (Dex +4, Str/Int -1) [Xom's
                  | grace]
  2772 | D:3      | Gained mutation: Your muscles are strong. (Str +4, Int/Dex
                  | -1) [Xom's grace]
  2809 | D:3      | XOM: god gift: scroll labelled CIMIOT CUMYWK {god gift}
  3241 | D:3      | XOM: god gift: potion of curing
  3256 | D:3      | Noticed Grinder
  3285 | D:3      | XOM: give mutations
  3285 | D:3      | Gained mutation: You possess an exceptional clarity of
                  | mind. [Xom's grace]
  3285 | D:3      | Gained mutation: Your flesh is almost immune to the effects
                  | of heat. (rF+++) [Xom's grace]
  3285 | D:3      | Gained mutation: You have a pair of small antennae on your
                  | head. [Xom's grace]
  3296 | D:4      | Noticed Blork the orc
  3335 | D:4      | Noticed Blork
  3335 | D:4      | Blork the orc changed into Blork the killer bee
  3335 | D:4      | XOM: polymorph Blork the orc -> Blork the killer bee
  3337 | D:4      | XOM: noise
  3352 | D:4      | Killed Blork the killer bee
  3353 | D:4      | Reached skill level 1 in Throwing
  3504 | D:4      | Found a staircase to the Ecumenical Temple.
  3617 | D:4      | Reached XP level 7. HP: 18/55 MP: 0/0
  3617 | D:4      | Learned a level 2 spell: Static Discharge
  3908 | D:4      | XOM: scenery: create altars
  3914 | D:4      | XOM: cleaving
  3949 | D:4      | Identified the +1 leather armour "Ixiciase" {Dex+4}
  4225 | D:4      | XOM: divine lightning
  4300 | D:3      | XOM: scenery: create altars
  4307 | D:3      | XOM: divine lightning
  4599 | D:4      | XOM: divination: detect items
  4687 | D:4      | XOM: god gift: +3 chain mail of positive energy
  4825 | D:4      | XOM: scenery: create altars
  5037 | D:5      | Entered Level 5 of the Dungeon
  5110 | D:5      | Reached XP level 8. HP: 61/61 MP: 0/0
  5280 | D:5      | Found a stormy altar of Qazlal.
  5281 | D:5      | XOM: god gift: Ixteceonk's Tome of the Gathering {god gift}
  5290 | D:5      | Reached skill level 5 in Throwing
  5290 | D:5      | Found a basalt altar of Yredelemnul.
  5364 | D:5      | XOM: cleaving
  5721 | D:6      | XOM: confuse monster(s)
  5730 | D:6      | XOM: scenery: summon butterflies
  5750 | D:6      | XOM: scenery: summon butterflies
  5761 | D:6      | Reached skill level 7 in Long Blades
  5851 | D:6      | XOM: summons 8 friendly demons
  6158 | D:6      | Found a runed translucent door.
  6180 | D:6      | Noticed bchevrier's ghost (novice GnWn)
  6192 | D:6      | Reached skill level 8 in Long Blades
  6192 | D:6      | Reached XP level 9. HP: 64/67 MP: 0/0
  6192 | D:6      | Learned a level 3 spell: Spider Form
  6204 | D:6      | XOM: god gift: +1 great sword of chaos
  6209 | D:6      | Killed bchevrier's ghost
  6209 | D:6      | XOM: divine lightning
  6345 | D:7      | XOM: god gift: 39 gold pieces
  6450 | D:7      | XOM: god gift: 11 gold pieces
  6652 | D:7      | XOM: divination: detect items
  6707 | D:7      | XOM: summons 6 friendly demons
  6712 | D:7      | Reached skill level 9 in Long Blades
  6715 | D:7      | XOM: polymorph ufetubus -> iron imp
  7373 | D:7      | XOM: cleaving
  7429 | D:8      | Reached skill level 10 in Long Blades
  7458 | D:8      | Noticed a hornet
  7470 | D:8      | Killed a hornet
  7580 | D:8      | XOM: polymorph water moccasin -> scorpion
  7598 | D:8      | XOM: confuse monster(s)
  7599 | D:8      | Reached XP level 10. HP: 22/73 MP: 0/0
  7615 | D:7      | XOM: scenery: create altars
  7894 | D:8      | Reached skill level 11 in Long Blades
  8150 | D:8      | XOM: blink monster(s)
  8160 | D:8      | Found a staircase to the Lair.
  8190 | D:8      | XOM: chaos upgrade
  8202 | D:8      | XOM: chaos upgrade
  8206 | D:8      | XOM: polymorph water moccasin -> golden eye
  8213 | D:8      | XOM: god gift: staff of fire
  8219 | D:8      | XOM: enchant monster (bad)
  8375 | D:7      | Reached skill level 12 in Long Blades
  8496 | D:8      | XOM: 1-stop teleportation journey
  8503 | D:8      | XOM: repel stairs
  8618 | D:8      | XOM: 2-stop teleportation journey
  8682 | D:8      | Noticed a two-headed ogre
  8688 | D:8      | XOM: noise
  8690 | D:8      | Killed a two-headed ogre
  8779 | D:8      | XOM: polymorph scorpion -> tengu
  8893 | D:8      | Reached skill level 13 in Long Blades
  8899 | D:8      | XOM: enchant monster (bad)
  8914 | D:8      | Reached XP level 11. HP: 46/78 MP: 0/0
  8914 | D:8      | Learned a level 5 spell: Alistair's Intoxication
  9179 | D:8      | XOM: scenery: 1 doors close
  9287 | D:9      | Noticed a boulder beetle
  9289 | D:9      | Noticed a great orb of eyes
  9289 | D:9      | a boulder beetle changed into a great orb of eyes
  9289 | D:9      | XOM: polymorph boulder beetle -> great orb of eyes
  9300 | D:9      | Killed a great orb of eyes
  9301 | D:9      | Reached skill level 14 in Long Blades
  9358 | D:9      | XOM: potion effect (brilliance)
  9365 | D:9      | XOM: summons friendly quasit
  9397 | D:9      | XOM: fog
  9493 | D:9      | XOM: give mutations
  9493 | D:9      | Gained mutation: You passively dampen the noise of your
                  | surroundings. [Xom's grace]
  9493 | D:9      | Gained mutation: You expend health (3 HP) to strengthen
                  | your wands. [Xom's grace]
  9493 | D:9      | Gained mutation: Your mind is acute. (Int +4, Str/Dex -1)
                  | [Xom's grace]
  9753 | D:9      | Reached skill level 5 in Fighting
  9780 | D:9      | HP: 4/82 [killer bee (4)]
  9781 | D:9      | Slain by a gnoll

Illustrated notes

Levels and vault maps discovered:
D:1:      nzn_arrival_crosshair, layout_loops_corners,
          hellmonk_ecumenical_altar_zigzags
D:2:      layout_basic, basic_altar, supply_closet_lemuel, uniq_sigmund,
          uniq_terence
D:3:      layout_loops_cross, minmay_misc_feat_square, minmay_misc_feat_rugged,
          uniq_grinder
D:4:      layout_cave_pods, minmay_temple_entry_stoned_glass,
          chequers_serial_rivers_large_a, minmay_bent, uniq_blork_the_orc
D:5:      layout_rooms, nicolae_overflow_squiral, nicolae_figureground_sparkle
D:6:      layout_rooms, hellmonk_ghost_happy_afterlife, roderic_batcave
D:7:      layout_basic, hangedman_abyss_or_decor_passed
D:8:      layout_basic, due_lair_maze_entry_diamond,
          nicolae_looking_at_the_future
D:9:      layout_layer_cave, serial_bayou, serial_bayou_pond_c,
          serial_bayou_pond_b, serial_bayou_lagoon_b, serial_bayou_lagoon_a

Skill      XL: |  1  2  3  4  5  6  7  8  9 10 11 |
---------------+----------------------------------+-----
Long Blades    | 3 5 6 8 10 13 14 | 14.0
Throwing       | 1 4 5 |  5.0
Fighting       | 5 |  5.1
Armour         | |  1.0
Dodging        | |  2.1

Action                   |  1- 3 |  4- 6 |  7- 9 | 10-12 || total
-------------------------+-------+-------+-------+-------++-------
Melee: Falchion          |    82 |   135 |   196 |       ||   413
       Unarmed           |    19 |       |       |       ||    19
       Scimitar          |       |       |   208 |   282 ||   490
Throw: Dart              |       |       |     1 |       ||     1
Evoke: Piece from Xom's  |       |     2 |     1 |       ||     3
       Wand              |       |     1 |       |       ||     1
  Use: Scroll            |       |     1 |    12 |       ||    13
       Potion            |       |       |       |     1 ||     1
 Stab: Sleeping          |     1 |       |       |       ||     1
       Invisible         |     3 |       |       |       ||     3
       Paralysed         |       |     2 |       |       ||     2
       Distracted        |       |     1 |       |       ||     1
       Confused          |       |       |     2 |       ||     2
Armor: Leather armour    |    31 |       |       |       ||    31
       Robe              |       |    54 |    31 |       ||    85
       Chain mail        |       |       |   186 |   190 ||   376
Dodge: Dodged            |    43 |    59 |   132 |   101 ||   335
Block: Tower shield      |    32 |    36 |       |       ||    68
       Buckler           |       |    30 |   202 |   156 ||   388
       Reflection        |       |     1 |     1 |       ||     2
